 Dungeon Crawl Stone Soup version 0.29.0-4-gdea44cf6ec (webtiles) character file.

Game seed: 5887468893001198740

8953 qw the Grappler (level 11, 0/93 HPs)
             Began as a Ghoul Fire Elementalist on Aug 29, 2022.
             Was an Elder of Okawaru.
             Slain by a tengu warrior
             ... wielding a +3 halberd
              (4 damage)
             ... on level 10 of the Dungeon.
             The game lasted 00:09:03 (9790 turns).

qw the Grappler (Ghoul Fire Elementalist)           Turns: 9790, Time: 00:09:03

Health: 0/93       AC: 21    Str: 17    XL:     11   Next: 38%
Magic:  15/15      EV: 10    Int: 10    God:    Okawaru [****..]
Gold:   179        SH:  6    Dex: 15    Spells: 12/13 levels left

rFire   . . .      SeeInvis .     - Unarmed
rCold   + . .      Faith    .   s - +0 buckler
rNeg    + + +      Spirit   .   i - +0 chain mail
rPois   inf        Reflect  .   b - +1 helmet
rElec   .          Harm     .   r - +0 cloak
rCorr   .          Rampage  .   m - +2 pair of gloves
Will    .....                   j - +2 pair of boots
Stlth   +.........              d - amulet of regeneration
HPRegen 0.00/turn               h - +6 ring of dexterity
MPRegen 0.14/turn               (no ring)

@: about to teleport, heroic, inhibited regen
A: claws 1, cold resistance 1, negative energy resistance 3, inhibited
regeneration, torment resistance 2, devour on kill
a: Renounce Religion, Heroism, Finesse


You were on level 10 of the Dungeon.
You worshipped Okawaru.
Okawaru was greatly pleased with you.
You visited 2 branches of the dungeon, and saw 11 of its levels.

You collected 585 gold pieces.
You spent 406 gold pieces at shops.


Innate Abilities, Weirdness & Mutations

You are immune to poison.
You have sharp fingernails.
Your flesh is cold resistant. (rC+)
You are immune to negative energy. (rN+++)
You do not regenerate when monsters are visible.
You are immune to unholy pain and torment.
You thrive by killing the living.


   Skills:
 + Level 7.6(12.6) Fighting
 - Level 3.0(8.0) Throwing
 - Level 4.0(9.0) Armour
 - Level 3.5(8.5) Dodging
 - Level 2.1(7.1) Stealth
 - Level 3.6(8.6) Shields
 - Level 13.0(18.0) Unarmed Combat
 - Level 1.7 Spellcasting
 - Level 0.7 Conjurations
 - Level 2.4 Fire Magic
 + Level 7.4 Invocations


You had 12 spell levels left.
You knew the following spells:

 Your Spells              Type           Power      Damage    Failure   Level
a - Foxfire               Conj/Fire      16%        2x1d4     91%         1

Your spell library contained the following spells:

 Spells                   Type           Power      Damage    Failure   Level
 Scorch                   Fire           10%        2d6       92%         2
 Conjure Flame            Conj/Fire      4%         6-21      99%         3
 Inner Flame              Hex/Fire       3%         N/A       100%        3
 Flame Wave               Conj/Fire      4%         2d5       100%        4

Inventory:

Missiles
 e - 2 silver javelins (quivered)
 g - 7 boomerangs
Armour
 b - a +1 helmet (worn)
 i - a +0 chain mail (worn)
 j - a +2 pair of boots (worn)
 m - a +2 pair of gloves (worn)
 r - a +0 cloak (worn)
 s - a +0 buckler (worn)
Jewellery
 d - an amulet of regeneration (around neck)
 h - a +6 ring of dexterity (left hand)
Wands
 n - a wand of digging (3)
Scrolls
 a - 2 scrolls of teleportation
 c - 3 scrolls of identify
 v - a scroll of enchant weapon
Potions
 f - 4 potions of might
 k - 3 potions of haste
 u - a potion of magic

Dungeon Overview and Level Annotations

Branches:
Dungeon (10/15)            Temple (1/1) D:5
   Lair: D:8-11         Orc: D:9-12

Altars:
Ashenzari
Cheibriados
Dithmenos
Fedhas
Gozag
Hepliaklqana
Kikubaaqudgha
Makhleb
Nemelex Xobeh
Okawaru
Qazlal
Sif Muna
Trog
Uskayaw
Vehumet
Xom
Yredelemnul

Shops:
D:2 *   D:3 *   D:8 !:

Annotations:
D:7 1 runed translucent door, qw's ghost, novice TeWr


Message History

The killer bee barely misses you.
You pummel the killer bee!!
You kill the killer bee!
Okawaru accepts your kill.
The tengu warrior hits you from afar with a +3 halberd.
You barely miss the tengu conjurer.
The tengu warrior completely misses you.
You hit the tengu conjurer but do no damage.
The tengu conjurer zaps a wand.
The bolt of light hits you!
You punch the tengu conjurer!
The tengu conjurer is heavily wounded.
The tengu warrior hits you from afar with a +3 halberd!!
You block the tengu conjurer's attack. The tengu conjurer misses you.
The tengu conjurer claws you.
You punch the tengu conjurer!
The tengu conjurer is severely wounded.
You miss the tengu conjurer.
The tengu conjurer is severely wounded.
The tengu warrior hits you from afar with a +3 halberd!
The tengu conjurer zaps a wand.
The bolt of light hits you!
You are confused.
You punch the tengu conjurer!
You kill the tengu conjurer!
Okawaru accepts your kill.
The tengu warrior hits you but does no damage.
The tengu warrior hits you but does no damage.
The tengu warrior pecks you but does no damage.
The tengu warrior claws you.
Items here: $ %%% /.
You closely miss the tengu warrior.
You bump into the rock wall.
You feel less confused.
The tengu warrior hits you with a +3 halberd!
The tengu warrior pecks you but does no damage.
The tengu warrior claws you but does no damage.
9790 ||| READING 3 scrolls of teleportation.
As you read the scroll of teleportation, it crumbles to dust.
You feel strangely unstable.
The tengu warrior hits you with a +3 halberd.
You die...

...##..##...#
...######...#
............#
............# #.
......).....# .'
............# (##.
............# ....
###'##############..#
................@Q..#
.##.....##....%##...#
.##.....##.....##...#
>##.....##............
........................
########################


You could see a tengu warrior.

Vanquished Creatures
  Erica (D:9)
  Amaemon (D:8)
  Pikel (D:6)
  Joseph (D:8)
  An orange demon (D:8)
  Maggie (D:8)
  A gargoyle (D:10)
  A tengu conjurer (D:10)
  2 hornets
  3 slime creatures (D:9)
  A wraith (D:9)
  A wyvern (D:9)
  A steam dragon (D:8)
  Menkaure (D:4)
  A water moccasin (D:5)
  Duvessa (D:7)
  An orc warrior (D:9)
  2 ice beasts (D:7)
  3 ogres
  A black bear (D:8)
  A sky beast (D:6)
  6 centaurs
  3 lemures (D:6)
  3 kobold brigands
  A gnoll sergeant (D:7)
  4 wights
  4 scorpions
  4 necrophages
  Dowan (D:7)
  20 killer bees
  A howler monkey (D:8)
  2 jellies
  6 orc priests
  6 hounds
  2 iguanas (D:6)
  11 orc wizards
  Natasha (twice) (D:4)
  Terence (D:3)
  Robin (D:4)
  9 gnolls
  11 adders
  A shadow imp (D:7)
  2 white imps
  3 worms
  2 dart slugs
  31 orcs
  11 ball pythons
  8 endoplasms
  5 giant cockroaches
  10 goblins
  12 hobgoblins
  13 kobolds
  3 quokkas
  4 bats
  3 frilled lizards
  4 rats
  A spectral hobgoblin (D:2)
238 creatures vanquished.

Vanquished Creatures (others)
  A human (D:9)
  2 withered plants (D:7)
3 creatures vanquished.

Grand Total: 241 creatures vanquished

Notes
Turn   | Place    | Note
-------+----------+-------------------------------------------
     0 | D:1      | qw the Ghoul Fire Elementalist began the quest for the Orb.
     0 | D:1      | Reached XP level 1. HP: 14/14 MP: 2/2
     0 | D:1      | 0 ||| qw: Version: 0.1-a-90-g952f4b7
     0 | D:1      | 0 ||| qw: Game counter: 3728
     0 | D:1      | 0 ||| qw: Always use a shield: true
     0 | D:1      | 0 ||| qw: God list: Okawaru
     0 | D:1      | 0 ||| qw: Allow faded altars: false
     0 | D:1      | 0 ||| qw: Do Orc after D:15 true
     0 | D:1      | 0 ||| qw: Do second Lair branch before Depths: true
     0 | D:1      | 0 ||| qw: Lair rune preference: random
     0 | D:1      | 0 ||| qw: Plans: Normal
     0 | D:1      | 0 ||| PLANNING D:1-11
   199 | D:1      | Reached skill level 1 in Unarmed Combat
   527 | D:1      | Reached XP level 2. HP: 22/22 MP: 3/3
   536 | D:1      | Reached skill level 1 in Fighting
  1098 | D:1      | 1098 ||| Stepping ~*~*~tactically~*~*~ (stealth).
  1104 | D:1      | Reached skill level 2 in Unarmed Combat
  1485 | D:1      | 1485 ||| UPGRADING to +0 scale mail.
  1495 | D:1      | 1495 ||| DROPPING +0 robe.
  1496 | D:1      | 1496 ||| UPGRADING to +0 chain mail.
  1506 | D:1      | 1506 ||| DROPPING +0 scale mail.
  1507 | D:1      | 1507 ||| UPGRADING to +0 pair of boots.
  1512 | D:1      | 1512 ||| UPGRADING to amulet of regeneration.
  1517 | D:1      | 1517 ||| READING scroll labelled FUASTR BANAOTHEUFF.
  1518 | D:1      | 1518 ||| READING scroll labelled VEOB UXUUDE ASCH.
  1519 | D:1      | 1519 ||| READING scroll labelled ALLAUK AFFAMP.
  1520 | D:1      | 1520 ||| READING scroll labelled MEGO FAESKUEMAWOF.
  1521 | D:1      | 1521 ||| READING scroll labelled JEWIUHIT ORON.
  1522 | D:1      | 1522 ||| DRINKING 2 fuming white potions.
  1523 | D:1      | 1523 ||| DROPPING potion of magic.
  1524 | D:1      | 1524 ||| DROPPING potion of berserk rage.
  1664 | D:2      | Reached XP level 3. HP: 26/28 MP: 4/4
  1701 | D:2      | 1701 ||| Stepping ~*~*~tactically~*~*~ (stealth).
  1792 | D:2      | Found a faded altar of an unknown god.
  1794 | D:2      | 1794 ||| Stepping ~*~*~tactically~*~*~ (water).
  1801 | D:2      | Reached skill level 3 in Unarmed Combat
  1867 | D:2      | Reached skill level 1 in Armour
  1890 | D:2      | Reached XP level 4. HP: 35/35 MP: 5/5
  1891 | D:2      | Found Voungoc's General Store.
  1915 | D:2      | 1915 ||| BUYING scroll of identify (28 gold).
  1915 | D:2      | Bought a scroll of identify for 28 gold pieces
  1915 | D:2      | 1915 ||| BUYING scroll of identify (28 gold).
  1915 | D:2      | Bought a scroll of identify for 28 gold pieces
  1919 | D:2      | Noticed a necrophage
  1930 | D:2      | 1930 ||| Stepping ~*~*~tactically~*~*~ (outnumbered).
  1948 | D:2      | HP: 8/35 [necrophage (2)]
  1950 | D:2      | Killed a necrophage
  1951 | D:2      | Reached skill level 4 in Unarmed Combat
  1951 | D:2      | Reached XP level 5. HP: 10/40 MP: 6/6
  2336 | D:2      | 2336 ||| READING scroll labelled COHETU FAAMP.
  2337 | D:2      | 2337 ||| READING 2 scrolls of identify.
  2337 | D:2      | 2337 ||| IDENTIFYING lumpy yellow potion
  2351 | D:3      | Found Jynyoh's General Store.
  2370 | D:3      | 2370 ||| SHOPLISTING 3 scrolls of teleportation (90 gold,
                  | have 71).
  2370 | D:3      | 2370 ||| BUYING scroll of teleportation (30 gold).
  2370 | D:3      | Bought a scroll of teleportation for 30 gold pieces
  2411 | D:3      | Found a basalt altar of Yredelemnul.
  2457 | D:3      | 2457 ||| Stepping ~*~*~tactically~*~*~ (stealth).
  2633 | D:3      | 2633 ||| Stepping ~*~*~tactically~*~*~ (stealth).
  2636 | D:3      | 2636 ||| Stepping ~*~*~tactically~*~*~ (stealth).
  2640 | D:3      | 2640 ||| Stepping ~*~*~tactically~*~*~ (outnumbered).
  2641 | D:3      | 2641 ||| Stepping ~*~*~tactically~*~*~ (outnumbered).
  2642 | D:3      | 2642 ||| Stepping ~*~*~tactically~*~*~ (outnumbered).
  2644 | D:3      | 2644 ||| Stepping ~*~*~tactically~*~*~ (outnumbered).
  2645 | D:3      | 2645 ||| Stepping ~*~*~tactically~*~*~ (outnumbered).
  2646 | D:3      | 2646 ||| Stepping ~*~*~tactically~*~*~ (outnumbered).
  2647 | D:3      | 2647 ||| Stepping ~*~*~tactically~*~*~ (outnumbered).
  2648 | D:3      | 2648 ||| Stepping ~*~*~tactically~*~*~ (outnumbered).
  2649 | D:3      | 2649 ||| Stepping ~*~*~tactically~*~*~ (outnumbered).
  2650 | D:3      | 2650 ||| Stepping ~*~*~tactically~*~*~ (outnumbered).
  2651 | D:3      | 2651 ||| Stepping ~*~*~tactically~*~*~ (outnumbered).
  2652 | D:3      | 2652 ||| Stepping ~*~*~tactically~*~*~ (outnumbered).
  2653 | D:3      | 2653 ||| Stepping ~*~*~tactically~*~*~ (outnumbered).
  2654 | D:3      | 2654 ||| Stepping ~*~*~tactically~*~*~ (outnumbered).
  2655 | D:3      | 2655 ||| Stepping ~*~*~tactically~*~*~ (outnumbered).
  2656 | D:3      | 2656 ||| Stepping ~*~*~tactically~*~*~ (outnumbered).
  2657 | D:3      | 2657 ||| Stepping ~*~*~tactically~*~*~ (outnumbered).
  2662 | D:3      | 2662 ||| Stepping ~*~*~tactically~*~*~ (outnumbered).
  2663 | D:3      | 2663 ||| Stepping ~*~*~tactically~*~*~ (outnumbered).
  2665 | D:3      | 2665 ||| Stepping ~*~*~tactically~*~*~ (outnumbered).
  2668 | D:3      | 2668 ||| Stepping ~*~*~tactically~*~*~ (outnumbered).
  2669 | D:3      | 2669 ||| Stepping ~*~*~tactically~*~*~ (outnumbered).
  2671 | D:3      | 2671 ||| Stepping ~*~*~tactically~*~*~ (outnumbered).
  2673 | D:3      | Reached skill level 5 in Unarmed Combat
  2673 | D:3      | 2673 ||| FLEEEEING.
  2674 | D:3      | 2674 ||| FLEEEEING.
  2675 | D:3      | 2675 ||| FLEEEEING.
  2676 | D:3      | 2676 ||| FLEEEEING.
  2677 | D:3      | 2677 ||| STAIRDANCE
  2694 | D:2      | 2694 ||| DRINKING 2 grey potions.
  2695 | D:2      | 2695 ||| READING 3 scrolls of identify.
  2695 | D:2      | 2695 ||| IDENTIFYING silvery potion
  2696 | D:2      | 2696 ||| DROPPING potion of brilliance.
  2699 | D:3      | 2699 ||| STAIRDANCE
  2709 | D:3      | 2709 ||| Stepping ~*~*~tactically~*~*~ (outnumbered).
  2772 | D:3      | Noticed Terence
  2775 | D:3      | 2775 ||| Stepping ~*~*~tactically~*~*~ (hiding).
  2783 | D:3      | 2783 ||| FLEEEEING.
  2784 | D:3      | 2784 ||| FLEEEEING.
  2785 | D:3      | 2785 ||| FLEEEEING.
  2786 | D:3      | 2786 ||| FLEEEEING.
  2787 | D:3      | 2787 ||| FLEEEEING.
  2788 | D:3      | 2788 ||| FLEEEEING.
  2793 | D:3      | 2793 ||| Stepping ~*~*~tactically~*~*~ (outnumbered).
  2796 | D:3      | 2796 ||| Stepping ~*~*~tactically~*~*~ (outnumbered).
  2801 | D:3      | Killed Terence
  2802 | D:3      | Reached XP level 6. HP: 30/48 MP: 7/7
  2925 | D:3      | Reached skill level 6 in Unarmed Combat
  3099 | D:4      | 3099 ||| PLANNING SEWER
  3100 | D:4      | 3100 ||| STAIRDANCE
  3114 | D:4      | Reached skill level 1 in Throwing
  3114 | D:4      | 3114 ||| STAIRDANCE
  3186 | D:4      | Found a shimmering altar of Xom.
  3221 | D:4      | Reached skill level 3 in Fighting
  3453 | D:4      | 3453 ||| Stepping ~*~*~tactically~*~*~ (stealth).
  3453 | D:4      | Noticed Menkaure
  3460 | D:4      | Killed Menkaure
  3461 | D:4      | Reached XP level 7. HP: 39/57 MP: 8/8
  3492 | D:4      | Reached skill level 7 in Unarmed Combat
  3591 | D:4      | 3591 ||| Stepping ~*~*~tactically~*~*~ (stealth).
  3594 | D:4      | 3594 ||| Stepping ~*~*~tactically~*~*~ (stealth).
  3636 | D:4      | Noticed Robin
  3641 | D:4      | Killed Robin
  3647 | D:4      | 3647 ||| Stepping ~*~*~tactically~*~*~ (outnumbered).
  3648 | D:4      | 3648 ||| Stepping ~*~*~tactically~*~*~ (outnumbered).
  3713 | D:4      | Noticed Natasha
  3716 | D:4      | Killed Natasha
  3829 | D:4      | 3829 ||| RIP SEWER
  3859 | D:4      | 3859 ||| PLANNING D:1-11
  3860 | D:4      | 3860 ||| UPGRADING to +0 helmet.
  3865 | D:4      | 3865 ||| UPGRADING to +2 pair of boots.
  3875 | D:4      | 3875 ||| DROPPING +0 pair of boots.
  3876 | D:4      | 3876 ||| READING scroll labelled SOVVUO ZERAFIS.
  3903 | D:4      | 3903 ||| READING 4 scrolls of identify.
  3903 | D:4      | 3903 ||| IDENTIFYING brown potion
  3904 | D:4      | 3904 ||| READING 3 scrolls of identify.
  3904 | D:4      | 3904 ||| IDENTIFYING glowing orange potion
  3905 | D:4      | 3905 ||| READING 3 scrolls of teleportation.
  3914 | D:4      | Noticed Natasha
  3915 | D:4      | 3915 ||| Stepping ~*~*~tactically~*~*~ (stealth).
  3917 | D:4      | 3917 ||| Stepping ~*~*~tactically~*~*~ (hiding).
  3925 | D:4      | Killed Natasha
  4018 | D:4      | 4018 ||| Stepping ~*~*~tactically~*~*~ (stealth).
  4082 | D:5      | Entered Level 5 of the Dungeon
  4123 | D:5      | 4123 ||| Stepping ~*~*~tactically~*~*~ (outnumbered).
  4124 | D:5      | 4124 ||| Stepping ~*~*~tactically~*~*~ (outnumbered).
  4125 | D:5      | 4125 ||| Stepping ~*~*~tactically~*~*~ (outnumbered).
  4126 | D:5      | 4126 ||| Stepping ~*~*~tactically~*~*~ (outnumbered).
  4309 | D:5      | 4309 ||| Stepping ~*~*~tactically~*~*~ (hiding).
  4320 | D:5      | 4320 ||| Stepping ~*~*~tactically~*~*~ (hiding).
  4375 | D:5      | Reached skill level 8 in Unarmed Combat
  4375 | D:5      | Reached XP level 8. HP: 44/63 MP: 9/9
  4382 | D:5      | 4382 ||| FLEEEEING.
  4383 | D:5      | 4383 ||| FLEEEEING.
  4383 | D:5      | Found a staircase to the Ecumenical Temple.
  4384 | D:5      | 4384 ||| PLANNING TEMPLE
  4384 | D:5      | 4384 ||| FLEEEEING.
  4385 | D:5      | 4385 ||| FLEEEEING.
  4386 | D:5      | 4386 ||| FLEEEEING.
  4393 | D:5      | 4393 ||| Stepping ~*~*~tactically~*~*~ (outnumbered).
  4397 | D:5      | 4397 ||| Stepping ~*~*~tactically~*~*~ (outnumbered).
  4459 | Temple   | Entered the Ecumenical Temple
  4495 | Temple   | Became a worshipper of Warmaster Okawaru
  4529 | Temple   | 4529 ||| PLANNING D:1-11
  4751 | D:5      | Reached skill level 9 in Unarmed Combat
  4841 | D:5      | Reached * piety under Okawaru
  4934 | D:5      | 4934 ||| UPGRADING to +0 pair of gloves.
  4939 | D:5      | 4939 ||| UPGRADING to +6 ring of dexterity.
  4940 | D:5      | 4940 ||| READING scroll labelled WIENGU FUJONU.
  4989 | D:6      | 4989 ||| Stepping ~*~*~tactically~*~*~ (stealth).
  4990 | D:6      | 4990 ||| Stepping ~*~*~tactically~*~*~ (stealth).
  4995 | D:6      | 4995 ||| Stepping ~*~*~tactically~*~*~ (outnumbered).
  4996 | D:6      | 4996 ||| Stepping ~*~*~tactically~*~*~ (outnumbered).
  4997 | D:6      | 4997 ||| Stepping ~*~*~tactically~*~*~ (outnumbered).
  5004 | D:6      | 5004 ||| INVOKING Heroism.
  5035 | D:6      | Reached skill level 1 in Invocations
  5069 | D:6      | Noticed Pikel
  5070 | D:6      | 5070 ||| INVOKING Heroism.
  5074 | D:6      | 5074 ||| Stepping ~*~*~tactically~*~*~ (stealth).
  5077 | D:6      | 5077 ||| Stepping ~*~*~tactically~*~*~ (outnumbered).
  5078 | D:6      | 5078 ||| Stepping ~*~*~tactically~*~*~ (outnumbered).
  5079 | D:6      | 5079 ||| Stepping ~*~*~tactically~*~*~ (outnumbered).
  5082 | D:6      | 5082 ||| Stepping ~*~*~tactically~*~*~ (outnumbered).
  5084 | D:6      | 5084 ||| Stepping ~*~*~tactically~*~*~ (outnumbered).
  5085 | D:6      | 5085 ||| Stepping ~*~*~tactically~*~*~ (outnumbered).
  5088 | D:6      | 5088 ||| INVOKING Heroism.
  5095 | D:6      | 5095 ||| DRINKING potion of curing.
  5095 | D:6      | 5095 ||| (to cure confusion)
  5096 | D:6      | Killed Pikel
  5096 | D:6      | Reached ** piety under Okawaru
  5097 | D:6      | Reached XP level 9. HP: 36/74 MP: 7/11
  5167 | D:6      | Found a shadowy altar of Dithmenos.
  5195 | D:6      | 5195 ||| INVOKING Heroism.
  5314 | D:6      | 5314 ||| Stepping ~*~*~tactically~*~*~ (hiding).
  5339 | D:6      | 5339 ||| Stepping ~*~*~tactically~*~*~ (stealth).
  5397 | D:6      | 5397 ||| Stepping ~*~*~tactically~*~*~ (stealth).
  5398 | D:6      | 5398 ||| Stepping ~*~*~tactically~*~*~ (stealth).
  5400 | D:6      | 5400 ||| Stepping ~*~*~tactically~*~*~ (hiding).
  5572 | D:6      | Reached skill level 10 in Unarmed Combat
  5648 | D:6      | 5648 ||| INVOKING Heroism.
  5730 | D:6      | 5730 ||| UPGRADING to +0 buckler.
  5735 | D:6      | 5735 ||| READING 3 scrolls labelled TYKHLA LUOH.
  5736 | D:6      | 5736 ||| READING 2 scrolls of enchant armour.
  5736 | D:6      | 5736 ||| ENCHANTING +0 pair of gloves.
  5737 | D:6      | 5737 ||| READING scroll of enchant armour.
  5737 | D:6      | 5737 ||| ENCHANTING +1 pair of gloves.
  5738 | D:6      | 5738 ||| READING scroll labelled UMEKOS OPNEH.
  5781 | D:7      | Reached skill level 1 in Shields
  5846 | D:7      | Noticed Dowan
  5847 | D:7      | 5847 ||| INVOKING Heroism.
  5849 | D:7      | Noticed Duvessa
  5862 | D:7      | Killed Duvessa
  5873 | D:7      | 5873 ||| INVOKING Heroism.
  5883 | D:7      | Killed Dowan
  5884 | D:7      | 5884 ||| Stepping ~*~*~tactically~*~*~ (outnumbered).
  5885 | D:7      | 5885 ||| Stepping ~*~*~tactically~*~*~ (outnumbered).
  5886 | D:7      | 5886 ||| Stepping ~*~*~tactically~*~*~ (outnumbered).
  5887 | D:7      | 5887 ||| Stepping ~*~*~tactically~*~*~ (outnumbered).
  5888 | D:7      | 5888 ||| Stepping ~*~*~tactically~*~*~ (outnumbered).
  5889 | D:7      | 5889 ||| INVOKING Heroism.
  5890 | D:7      | 5890 ||| Stepping ~*~*~tactically~*~*~ (outnumbered).
  5891 | D:7      | 5891 ||| Stepping ~*~*~tactically~*~*~ (outnumbered).
  5892 | D:7      | 5892 ||| Stepping ~*~*~tactically~*~*~ (outnumbered).
  5893 | D:7      | 5893 ||| Stepping ~*~*~tactically~*~*~ (outnumbered).
  5894 | D:7      | 5894 ||| Stepping ~*~*~tactically~*~*~ (outnumbered).
  5895 | D:7      | 5895 ||| Stepping ~*~*~tactically~*~*~ (outnumbered).
  5898 | D:7      | 5898 ||| Stepping ~*~*~tactically~*~*~ (outnumbered).
  5899 | D:7      | 5899 ||| Stepping ~*~*~tactically~*~*~ (outnumbered).
  5900 | D:7      | 5900 ||| Stepping ~*~*~tactically~*~*~ (outnumbered).
  5901 | D:7      | 5901 ||| Stepping ~*~*~tactically~*~*~ (outnumbered).
  5902 | D:7      | 5902 ||| INVOKING Heroism.
  5903 | D:7      | 5903 ||| Stepping ~*~*~tactically~*~*~ (outnumbered).
  5904 | D:7      | 5904 ||| Stepping ~*~*~tactically~*~*~ (outnumbered).
  5905 | D:7      | 5905 ||| Stepping ~*~*~tactically~*~*~ (outnumbered).
  5906 | D:7      | 5906 ||| Stepping ~*~*~tactically~*~*~ (outnumbered).
  5907 | D:7      | 5907 ||| Stepping ~*~*~tactically~*~*~ (outnumbered).
  5908 | D:7      | 5908 ||| Stepping ~*~*~tactically~*~*~ (outnumbered).
  5910 | D:7      | 5910 ||| Stepping ~*~*~tactically~*~*~ (outnumbered).
  5911 | D:7      | 5911 ||| STAIRDANCE
  5913 | D:6      | 5913 ||| Stepping ~*~*~tactically~*~*~ (outnumbered).
  5914 | D:6      | 5914 ||| Stepping ~*~*~tactically~*~*~ (outnumbered).
  5919 | D:6      | Reached skill level 6 in Fighting
  6022 | D:7      | Found a runed translucent door.
  6022 | D:7      | Noticed qw's ghost (novice TeWr)
  6049 | D:7      | 6049 ||| Stepping ~*~*~tactically~*~*~ (hiding).
  6056 | D:7      | 6056 ||| Stepping ~*~*~tactically~*~*~ (hiding).
  6063 | D:7      | 6063 ||| INVOKING Heroism.
  6064 | D:7      | 6064 ||| Stepping ~*~*~tactically~*~*~ (outnumbered).
  6068 | D:7      | 6068 ||| Stepping ~*~*~tactically~*~*~ (outnumbered).
  6191 | D:7      | 6191 ||| INVOKING Heroism.
  6216 | D:7      | 6216 ||| READING scroll of enchant armour.
  6216 | D:7      | 6216 ||| ENCHANTING +0 helmet.
  6718 | D:7      | Reached skill level 11 in Unarmed Combat
  6718 | D:7      | Reached XP level 10. HP: 83/83 MP: 12/12
  6751 | D:7      | 6751 ||| Stepping ~*~*~tactically~*~*~ (hiding).
  6752 | D:7      | 6752 ||| Stepping ~*~*~tactically~*~*~ (hiding).
  6753 | D:7      | 6753 ||| Stepping ~*~*~tactically~*~*~ (hiding).
  7035 | D:7      | 7035 ||| UPGRADING to +0 cloak.
  7040 | D:7      | 7040 ||| READING 3 scrolls of identify.
  7040 | D:7      | 7040 ||| IDENTIFYING bubbling sapphire potion
  7041 | D:7      | 7041 ||| DROPPING potion of lignification.
  7062 | D:8      | Noticed Joseph
  7079 | D:8      | 7079 ||| INVOKING Heroism.
  7082 | D:8      | Killed Joseph
  7083 | D:8      | Reached skill level 3 in Dodging
  7121 | D:8      | Noticed Maggie
  7122 | D:8      | 7122 ||| Stepping ~*~*~tactically~*~*~ (hiding).
  7132 | D:8      | 7132 ||| INVOKING Heroism.
  7137 | D:8      | Killed Maggie
  7137 | D:8      | Reached *** piety under Okawaru
  7138 | D:8      | Reached skill level 3 in Throwing
  7209 | D:8      | Found Cenk's Book Shoppe.
  7211 | D:8      | Found Lucapn's Distillery.
  7217 | D:8      | 7217 ||| BUYING potion of haste (160 gold).
  7217 | D:8      | Bought a potion of haste for 160 gold pieces
  7217 | D:8      | 7217 ||| BUYING potion of haste (160 gold).
  7217 | D:8      | Bought a potion of haste for 160 gold pieces
  7217 | D:8      | 7217 ||| SHOPLISTING potion of heal wounds (80 gold, have
                  | 23).
  7217 | D:8      | 7217 ||| SHOPLISTING potion of resistance (160 gold, have
                  | 23).
  7217 | D:8      | 7217 ||| INVOKING Heroism.
  7261 | D:8      | 7261 ||| Stepping ~*~*~tactically~*~*~ (stealth).
  7263 | D:8      | 7263 ||| Stepping ~*~*~tactically~*~*~ (stealth).
  7265 | D:8      | 7265 ||| Stepping ~*~*~tactically~*~*~ (stealth).
  7267 | D:8      | 7267 ||| Stepping ~*~*~tactically~*~*~ (stealth).
  7269 | D:8      | 7269 ||| INVOKING Heroism.
  7270 | D:8      | 7270 ||| Stepping ~*~*~tactically~*~*~ (outnumbered).
  7320 | D:8      | Noticed an orange demon
  7321 | D:8      | 7321 ||| Stepping ~*~*~tactically~*~*~ (hiding).
  7323 | D:8      | Noticed Amaemon
  7324 | D:8      | 7324 ||| INVOKING Heroism.
  7342 | D:8      | Killed Amaemon
  7347 | D:8      | Reached skill level 12 in Unarmed Combat
  7351 | D:8      | Killed an orange demon
  7351 | D:8      | Reached **** piety under Okawaru
  7352 | D:8      | Reached skill level 3 in Shields
  7353 | D:8      | 7353 ||| INVOKING Heroism.
  7357 | D:8      | 7357 ||| FLEEEEING.
  7358 | D:8      | 7358 ||| FLEEEEING.
  7392 | D:8      | 7392 ||| INVOKING Heroism.
  8189 | D:8      | 8189 ||| READING scroll labelled LAUWNA MIURUB.
  8190 | D:8      | 8190 ||| READING scroll labelled SASYTA AJ GOYGEU.
  8191 | D:8      | 8191 ||| DRINKING 2 amethyst potions.
  8192 | D:8      | 8192 ||| DROPPING potion of flight.
  8259 | D:9      | 8259 ||| Stepping ~*~*~tactically~*~*~ (stealth).
  8260 | D:9      | 8260 ||| Stepping ~*~*~tactically~*~*~ (stealth).
  8264 | D:9      | 8264 ||| INVOKING Heroism.
  8266 | D:9      | Noticed Erica
  8271 | D:9      | 8271 ||| Stepping ~*~*~tactically~*~*~ (outnumbered).
  8272 | D:9      | 8272 ||| Stepping ~*~*~tactically~*~*~ (hiding).
  8273 | D:9      | 8273 ||| Stepping ~*~*~tactically~*~*~ (hiding).
  8274 | D:9      | 8274 ||| Stepping ~*~*~tactically~*~*~ (outnumbered).
  8275 | D:9      | 8275 ||| Stepping ~*~*~tactically~*~*~ (outnumbered).
  8284 | D:9      | 8284 ||| INVOKING Heroism.
  8286 | D:9      | 8286 ||| Stepping ~*~*~tactically~*~*~ (outnumbered).
  8287 | D:9      | 8287 ||| Stepping ~*~*~tactically~*~*~ (outnumbered).
  8290 | D:9      | HP: 21/86 [something (4)]
  8291 | D:9      | 8291 ||| READING 3 scrolls of teleportation.
  8292 | D:9      | 8292 ||| DRINKING potion of heal wounds.
  8293 | D:9      | 8293 ||| Stepping ~*~*~tactically~*~*~ (outnumbered).
  8296 | D:9      | Found a shimmering blue altar of Sif Muna.
  8398 | D:9      | 8398 ||| Invisible monster not found???
  8407 | D:9      | 8407 ||| INVOKING Heroism.
  8506 | D:9      | 8506 ||| Stepping ~*~*~tactically~*~*~ (stealth).
  8564 | D:9      | Found an ancient bone altar of Kikubaaqudgha.
  8570 | D:9      | Found a sparkling altar of Nemelex Xobeh.
  8632 | D:9      | 8632 ||| INVOKING Heroism.
  8635 | D:9      | 8635 ||| Stepping ~*~*~tactically~*~*~ (outnumbered).
  8636 | D:9      | 8636 ||| Stepping ~*~*~tactically~*~*~ (outnumbered).
  8637 | D:9      | 8637 ||| Stepping ~*~*~tactically~*~*~ (outnumbered).
  8638 | D:9      | 8638 ||| Stepping ~*~*~tactically~*~*~ (outnumbered).
  8657 | D:9      | Reached XP level 11. HP: 84/92 MP: 12/14
  8721 | D:9      | 8721 ||| Stepping ~*~*~tactically~*~*~ (stealth).
  8732 | D:9      | 8732 ||| Stepping ~*~*~tactically~*~*~ (outnumbered).
  8733 | D:9      | 8733 ||| Stepping ~*~*~tactically~*~*~ (outnumbered).
  8734 | D:9      | 8734 ||| Stepping ~*~*~tactically~*~*~ (outnumbered).
  8735 | D:9      | 8735 ||| INVOKING Heroism.
  8736 | D:9      | 8736 ||| Stepping ~*~*~tactically~*~*~ (outnumbered).
  8737 | D:9      | 8737 ||| Stepping ~*~*~tactically~*~*~ (outnumbered).
  8738 | D:9      | 8738 ||| Stepping ~*~*~tactically~*~*~ (outnumbered).
  8739 | D:9      | 8739 ||| Stepping ~*~*~tactically~*~*~ (outnumbered).
  8740 | D:9      | 8740 ||| Stepping ~*~*~tactically~*~*~ (outnumbered).
  8745 | D:9      | 8745 ||| Stepping ~*~*~tactically~*~*~ (outnumbered).
  8746 | D:9      | 8746 ||| Stepping ~*~*~tactically~*~*~ (outnumbered).
  8747 | D:9      | 8747 ||| Stepping ~*~*~tactically~*~*~ (outnumbered).
  8748 | D:9      | 8748 ||| Stepping ~*~*~tactically~*~*~ (outnumbered).
  8749 | D:9      | 8749 ||| Stepping ~*~*~tactically~*~*~ (outnumbered).
  8750 | D:9      | 8750 ||| Stepping ~*~*~tactically~*~*~ (outnumbered).
  8751 | D:9      | 8751 ||| Stepping ~*~*~tactically~*~*~ (outnumbered).
  8752 | D:9      | 8752 ||| Stepping ~*~*~tactically~*~*~ (outnumbered).
  8760 | D:9      | 8760 ||| INVOKING Heroism.
  8773 | D:9      | Reached skill level 6 in Invocations
  8936 | D:9      | 8936 ||| Stepping ~*~*~tactically~*~*~ (hiding).
  9116 | D:9      | 9116 ||| Stepping ~*~*~tactically~*~*~ (stealth).
  9129 | D:9      | 9129 ||| DRINKING potion of curing.
  9129 | D:9      | 9129 ||| (to cure confusion)
  9130 | D:9      | 9130 ||| Stepping ~*~*~tactically~*~*~ (hiding).
  9208 | D:9      | 9208 ||| Stepping ~*~*~tactically~*~*~ (stealth).
  9209 | D:9      | 9209 ||| INVOKING Heroism.
  9226 | D:9      | Killed Erica
  9281 | D:10     | Entered Level 10 of the Dungeon
  9283 | D:10     | 9283 ||| STAIRDANCE
  9293 | D:9      | Reached skill level 13 in Unarmed Combat
  9302 | D:10     | 9302 ||| STAIRDANCE
  9304 | D:9      | 9304 ||| INVOKING Heroism.
  9333 | D:10     | 9333 ||| STAIRDANCE
  9341 | D:10     | 9341 ||| STAIRDANCE
  9347 | D:10     | 9347 ||| STAIRDANCE
  9439 | D:10     | 9439 ||| Stepping ~*~*~tactically~*~*~ (hiding).
  9468 | D:10     | 9468 ||| Stepping ~*~*~tactically~*~*~ (hiding).
  9487 | D:10     | 9487 ||| Stepping ~*~*~tactically~*~*~ (stealth).
  9489 | D:10     | 9489 ||| Stepping ~*~*~tactically~*~*~ (hiding).
  9499 | D:10     | 9499 ||| Stepping ~*~*~tactically~*~*~ (hiding).
  9501 | D:10     | 9501 ||| Stepping ~*~*~tactically~*~*~ (stealth).
  9532 | D:10     | Identified the +7 quarterstaff "Seh Emiph" {speed, Stlth+}
  9661 | D:10     | 9661 ||| INVOKING Heroism.
  9742 | D:10     | Noticed a tengu warrior
  9743 | D:10     | 9743 ||| Stepping ~*~*~tactically~*~*~ (stealth).
  9753 | D:10     | 9753 ||| Stepping ~*~*~tactically~*~*~ (stealth).
  9754 | D:10     | 9754 ||| Stepping ~*~*~tactically~*~*~ (stealth).
  9758 | D:10     | 9758 ||| INVOKING Heroism.
  9768 | D:10     | 9768 ||| Stepping ~*~*~tactically~*~*~ (outnumbered).
  9785 | D:10     | HP: 13/92 [tengu conjurer/bolt of light (15)]
  9789 | D:10     | HP: 4/93 [tengu warrior/+3 halberd (8)]
  9790 | D:10     | 9790 ||| READING 3 scrolls of teleportation.
  9790 | D:10     | Slain by a tengu warrior

Levels and vault maps discovered:
D:1:      dpeg_arrival_chambers_temple_mockup, layout_basic
D:2:      layout_loops_ring, serial_shops, nicolae_shop_advertising_works
          [nicolae_subvault_shop_adworks],
          dreamdust_ecumenical_altar_drowned_temple
D:3:      layout_rooms, mainiacjoe_overflow_cross_hatched, serial_shops, shop,
          grunt_ministairs_10, minmay_snake_closets, uniq_terence
D:4:      layout_loops_ring, mainiacjoe_overflow_chevrons,
          cheibrodos_sewer_entry_bend, minmay_misc_feat_columns, uniq_menkaure,
          uniq_robin, uniq_natasha
D:5:      layout_loops_ring, minmay_temple_entry_waves
D:6:      layout_basic, mainiacjoe_overflow_brackets, minmay_starry_boxes,
          uniq_pikel
D:7:      layout_gridville, gammafunk_ghost_grave, enter_bailey_2,
          nicolae_eternal_life, uniq_duvessa
D:8:      layout_basic, minmay_statues_item, nicolae_wooded_promenade,
          st_stairs_8, uniq_amaemon, uniq_joseph, uniq_maggie
D:9:      layout_irregular_city, mainiacjoe_overflow_catwalk,
          lemuel_crystal_altar, tgw_kikubaaqudgha, hex_medium,
          serial_bayou_pond_e, uniq_erica
D:10:     layout_stronghold, nicolae_ru_sacrificial_ziggurat,
          nzn_wu_jian_contemplation, uniq_sonja
Temple:   compressed_dpeg_circular_temple

Skill      XL: |  1  2  3  4  5  6  7  8  9 10 11 |
---------------+----------------------------------+-----
Unarmed Combat | 1 2 3 4 5 6 8 9 11 12 13 | 13.0
Fighting       | 1 2 3 5 6 7 |  7.6
Armour         | 1 2 4 |  4.0
Throwing       | 1 2 3 |  3.0
Invocations    | 4 5 7 |  7.4
Shields        | 2 3 |  3.6
Dodging        | 3 |  3.5
Stealth        | |  2.1
Spellcasting   | |  1.7
Conjurations   | |  0.7
Fire Magic     | |  2.4

Action                   |  1- 3 |  4- 6 |  7- 9 | 10-12 || total
-------------------------+-------+-------+-------+-------++-------
Melee: Unarmed           |   124 |   208 |   353 |   338 ||  1023
       Punch             |     2 |     9 |    15 |       ||    26
Throw: Javelin           |     4 |    13 |    28 |    18 ||    63
       Boomerang         |       |       |    12 |     5 ||    17
Invok: Heroism           |       |       |    11 |    17 ||    28
  Use: Scroll            |     5 |     3 |    10 |     5 ||    23
       Potion            |     1 |     1 |     1 |     3 ||     6
Armor: Chain mail        |    32 |   105 |   211 |   296 ||   644
       Robe              |     4 |       |       |       ||     4
Dodge: Dodged            |    51 |    54 |   100 |   212 ||   417
Block: Buckler           |       |       |    28 |   121 ||   149

Table legend:
 A = Non-vault XP
 B = Vault XP
 C = Vault XP percentage of total XP
 D = Non-vault monster count
 E = Vault monster count
 F = Vault count percentage of total count
                 A         B        C        D         E       F
            +---------+---------+-------+---------+---------+-------
      Total |    8201 |    4590 |  35.9 |     194 |      41 |  17.4
            +---------+---------+-------+---------+---------+-------
        D:1 |      29 |       0 |   0.0 |      16 |       0 |   0.0
        D:2 |     151 |       1 |   0.7 |      23 |       1 |   4.2
        D:3 |      83 |     181 |  68.6 |      16 |      13 |  44.8
        D:4 |     332 |     233 |  41.2 |      15 |      12 |  44.4
        D:5 |     831 |       0 |   0.0 |      20 |       0 |   0.0
        D:6 |     836 |     952 |  53.2 |      21 |       6 |  22.2
        D:7 |     888 |     201 |  18.5 |      20 |       2 |   9.1
        D:8 |    1222 |    2170 |  64.0 |      21 |       6 |  22.2
        D:9 |    2509 |     852 |  25.3 |      28 |       1 |   3.4
       D:10 |    1320 |       0 |   0.0 |      14 |       0 |   0.0
            +---------+---------+-------+---------+---------+-------
